 Dungeon Crawl Stone Soup version 0.23.2-1-ga50397a6bc (webtiles) character file.

Game seed: 15163869257813986401

956 Menchi the Skirmisher (level 8, -3/78 HPs)
             Began as a Naga Fighter on May 18, 2019.
             Was an Initiate of Gozag.
             Killed by divine providence
             ... invoked by an orc priest
              (7 damage)
             ... on level 5 of the Dungeon.
             The game lasted 00:13:46 (5569 turns).

Menchi the Skirmisher (Naga Fighter)                Turns: 5569, Time: 00:13:48

Health: -3/78      AC: 12    Str: 22    XL:     8   Next: 14%
Magic:  0/0        EV:  4    Int:  9    God:    Gozag
Gold:   332        SH:  7    Dex: 17    Spells: 7/7 levels left

rFire    . . .     SeeInvis +   b - +0 spear
rCold    + . .     Gourm    .   j - +2 buckler
rNeg     . . .     Faith    .   r - +0 chain mail of Vureroo {+Fly rElec rC+ MP-9 Dex+5}
rPois    +         Spirit   .   (no helmet)
rElec    +         Reflect  .   (no cloak)
rCorr    .         Harm     .   (no gloves)
MR       +....                  l - +0 naga barding
Stlth    ..........             (no amulet)
HPRegen  0.23/turn              p - ring of stealth
MPRegen  0.07/turn              d - ring of the Octopus King {Wiz AC+1 EV+1 Str+1 Int+1 Dex+1}

@: heavily drained, very slow
A: large, see invisible, deformed body, poison resistance, slowness 2, slow
metabolism 1, spit poison 1, AC +2
a: Spit Poison, Potion Petition, Call Merchant, Bribe Branch, Renounce Religion,
Evoke Flight


You were on level 5 of the Dungeon.
You worshipped Gozag.
Gozag was aware of your devotion.
You were not hungry.

You visited 2 branches of the dungeon, and saw 7 of its levels.

You collected 434 gold pieces.
You paid 102 gold pieces to Gozag.

Inventory:

Hand Weapons
 a - a +0 trident
 b - a +0 spear (weapon)
Armour
 j - a +2 buckler (worn)
 l - a +0 naga barding (worn)
 r - the +0 chain mail of Vureroo (worn) {+Fly rElec rC+ MP-9 Dex+5}
   (You found it on level 4 of the Dungeon)

   It affects your dexterity (+5).
   It protects you from cold.
   It insulates you from electricity.
   It affects your magic capacity (-9).
   It lets you fly.
Jewellery
 d - a ring of the Octopus King (right hand) {Wiz AC+1 EV+1 Str+1 Int+1 Dex+1}
   (You found it on level 5 of the Dungeon)

   [ring of wizardry]

   It improves your spell success rate.
   It affects your AC (+1).
   It affects your evasion (+1).
   It affects your strength (+1).
   It affects your intelligence (+1).
   It affects your dexterity (+1).
 p - a ring of stealth (left hand)
Wands
 g - a wand of flame (32)
 o - a wand of paralysis (10)
Scrolls
 h - 3 scrolls of identify
 s - 2 scrolls of remove curse
Potions
 e - a potion of flight
 u - 2 potions of haste {unknown}
Comestibles
 f - 12 rations


   Skills:
 + Level 6.4(4.5) Fighting
 + Level 4.2(2.3) Polearms
 + Level 3.8(2.0) Armour
 - Level 0.1(0.0) Dodging
 * Level 4.5(2.6) Shields


You had 7 spell levels left.
You didn't know any spells.
Your spell library was empty.

Dungeon Overview and Level Annotations

Branches:
Dungeon (6/15)             Temple (1/1) D:4

Altars:
Ashenzari
Cheibriados
Dithmenos
Gozag
Hepliaklqana
Makhleb
Nemelex Xobeh
Okawaru
Qazlal
Ru
Sif Muna
Trog
Uskayaw
Vehumet
Wu Jian
Xom
Yredelemnul
The Shining One


Innate Abilities, Weirdness & Mutations

You cannot wear boots.
Your serpentine skin is tough. (AC +2)
You have supernaturally acute eyesight. (SInv)
Armour fits poorly on your strangely shaped body.
Your system is resistant to poisons. (rPois)
You cover ground very slowly.
You have a slow metabolism.
You can spit poison.


Message History

The bullfrog hits you.
* * * LOW HITPOINT WARNING * * *
You block the wight's attack. The orc hits you but does no damage.
The orc wizard hits you but does no damage.
You block the bullfrog's attack.
Unknown command.
You hit the wight but do no damage.
The wight is heavily damaged.
The orc wizard hits you with a +0 dagger.
* * * LOW HITPOINT WARNING * * *
The bullfrog hits you but does no damage.
The orc hits you but does no damage. You block the wight's attack.
You hit the wight.
The wight is severely damaged.
The orc wizard hits you but does no damage.
You block the bullfrog's attack.
The orc priest invokes the aid of Beogh against you.
Beogh smites you!
You die...
Your body crumbles into a pile of gold.

#...# ..?.# ....##
.....# #...# ##.##
#### ###z# ##..##
#.Zz# ##...F## ......#
#...cz@# ##....#
#...ooo#### .#...###
##..oY##z..##
....#..###.....#.....#
....$z.#...#........##
..##..z....##..##.###
.####....#.##......#
###.#...oo(...##...#
.....$###c##...##.##


You could see an ice beast, a bullfrog, a centaur, 2 wights, an orc priest, an
orc wizard and 2 orcs.

Vanquished Creatures
  2 ogres (D:5)
  4 big kobolds (D:3)
  2 killer bees
  A hound (D:3)
  Terence (D:2)
  An iguana (D:5)
  3 worker ants
  A hound skeleton (D:4)
  5 gnolls (D:3)
  A howler monkey skeleton (D:3)
  7 adders
  An ooze (D:2)
  An adder zombie (D:5)
  7 worms
  2 dart slugs
  A leopard gecko (D:1)
  4 orcs
  4 giant cockroaches
  11 hobgoblins
  2 jackals (D:1)
  48 kobolds
  2 quokkas
  A ball python (D:3)
  5 bats
  2 frilled lizards
  4 goblins
  7 rats
130 creatures vanquished.

Notes
Turn   | Place    | Note
-------+----------+-------------------------------------------
     0 | D:1      | Menchi the Naga Fighter began the quest for the Orb.
     0 | D:1      | Reached XP level 1. HP: 21/21 MP: 1/1
   158 | D:1      | HP: 1/21 [hobgoblin/+0 club (5)]
   460 | D:1      | Reached XP level 2. HP: 20/28 MP: 2/2
   933 | D:1      | Found a sparkling altar of Nemelex Xobeh.
  1194 | D:2      | Reached skill level 4 in Fighting
  1201 | D:2      | Noticed Terence
  1209 | D:2      | Killed Terence
  1209 | D:2      | Reached XP level 3. HP: 23/37 MP: 3/3
  1239 | D:2      | Found a faded altar of an unknown god.
  1248 | D:2      | Reached XP level 4. HP: 30/45 MP: 4/4
  1340 | D:2      | Reached skill level 5 in Fighting
  2115 | D:3      | Reached XP level 5. HP: 45/52 MP: 5/5
  2668 | D:3      | Found a bloodstained altar of Trog.
  2754 | D:3      | Noticed a big kobold
  2774 | D:3      | Killed a big kobold
  2774 | D:3      | Reached XP level 6. HP: 47/61 MP: 6/6
  2895 | D:3      | Reached XP level 7. HP: 33/68 MP: 7/7
  3208 | D:3      | Reached skill level 6 in Fighting
  3580 | D:4      | Got a polished chain mail
  3591 | D:4      | Identified the +0 chain mail of Vureroo {+Fly rElec rC+
                  | MP-9 Dex+5} (You found it on level 4 of the Dungeon)
  3680 | D:4      | Found a radiant altar of Vehumet.
  3827 | D:4      | Found a hazy altar of Hepliaklqana.
  4167 | D:4      | Found a staircase to the Ecumenical Temple.
  4386 | Temple   | Entered the Ecumenical Temple
  4463 | Temple   | Became a worshipper of Gozag Ym Sagoz the Greedy
  4782 | D:5      | Entered Level 5 of the Dungeon
  4993 | D:5      | Found the ring of the Octopus King
  5055 | D:5      | Reached XP level 8. HP: 48/78 MP: 0/8
  5079 | D:5      | Got a ring of the Octopus King
  5080 | D:5      | Identified a ring of the Octopus King {Wiz AC+1 EV+1 Str+1
                  | Int+1 Dex+1} (You found it on level 5 of the Dungeon)
  5569 | D:5      | Killed from afar by an orc priest

Skill      XL: |  1  2  3  4  5  6  7 |
---------------+----------------------+-----
Fighting       | 4 5 6 |  6.4
Armour         | 3 |  3.8
Polearms       | 3 4 |  4.2
Shields        | 3 4 |  4.5
Dodging        | |  0.1

Action                   |  1- 3 |  4- 6 |  7- 9 || total
-------------------------+-------+-------+-------++-------
Melee: Trident           |    80 |   253 |    79 ||   412
       Spear             |       |       |   241 ||   241
 Abil: Spit Poison       |     3 |     9 |     5 ||    17
  Use: Scroll            |     2 |     6 |     6 ||    14
       Potion            |       |     1 |    11 ||    12
  Eat: Chunk             |       |     5 |     6 ||    11
       Ration            |       |       |     1 ||     1
Armor: Scale mail        |    28 |       |       ||    28
       Ring mail         |       |   154 |    51 ||   205
       Chain mail        |       |       |   129 ||   129
       Skin              |       |       |    60 ||    60
Dodge: Dodged            |    34 |    87 |    71 ||   192
Block: Buckler           |     3 |    86 |   130 ||   219
